 Dungeon Crawl Stone Soup version 0.20.1-1-g8b1a95d66d (webtiles) character file.

214 Jynx the Sneak (level 5, -3/35 HPs)
             Began as a Vampire Enchanter on Dec 20, 2017.
             Slain by Duvessa
             ... wielding a +0 short sword
              (5 damage)
             ... on level 4 of the Dungeon.
             The game lasted 00:06:05 (2508 turns).

Jynx the Sneak (Vampire Enchanter)                  Turns: 2508, Time: 00:06:06

Health: -3/35      AC:  4    Str:  7    XL:     5   Next: 60%
Magic:  1/8        EV: 13    Int: 18    God:
Gold:   124        SH:  0    Dex: 15    Spells: 2/8 levels left

rFire    . . .     SeeInvis +   k - +1 dagger (pain)
rCold    . . .     Gourm    .   (no shield)
rNeg     + . .     Faith    .   b - +0 robe
rPois    .         Spirit   .   o - +0 hat
rElec    .         Reflect  .   (no cloak)
rCorr    +         Harm     .   i - +1 pair of gloves
MR       .....                  (no boots)
Stlth    ++........             (no amulet)
Regen    0.2/turn               j - ring of resist corrosion
MPRegen  0.2/turn               (no ring)

@: glowing
A: fangs 3, see invisible, unbreathing
a: Bat Form


You were on level 4 of the Dungeon.
You were not thirsty.

You visited 1 branch of the dungeon, and saw 4 of its levels.

You collected 124 gold pieces.

Inventory:

Hand Weapons
 e - a +2 dagger of freezing
 k - a +1 dagger of pain (weapon)
Armour
 b - a +0 robe (worn)
 i - a +1 pair of gloves (worn)
 o - a +0 hat (worn)
Jewellery
 j - a ring of resist corrosion (left hand)
Scrolls
 n - a scroll of magic mapping
Potions
 a - 4 potions of curing
 d - a potion of blood
 f - 2 potions of heal wounds
 g - a potion of berserk rage {unknown}
 h - a potion of brilliance {unknown}
 l - a potion of cancellation {unknown}
 m - 2 potions of lignification {unknown}
Books
 c - a book of Maledictions

   Spells                             Type                      Level
   a - Corona                         Hexes                        1
   b - Ensorcelled Hibernation        Hexes/Ice                    2
   c - Confuse                        Hexes                        3
   d - Tukima's Dance                 Hexes                        3
   e - Dazzling Spray                 Conjuration/Hexes            3


   Skills:
 * Level 4.4 Short Blades
 - Level 2.1 Dodging
 + Level 6.2 Stealth
 - Level 2.0 Spellcasting
 + Level 5.8 Hexes


You had 2 spell levels left.
You knew the following spells:

 Your Spells              Type           Power        Failure   Level  Hunger
a - Corona                Hex            ###....      1%          1    #......
b - Ensorcelled Hibernat  Hex/Ice        ##....       9%          2    ###....
c - Confuse               Hex            ###.....     4%          3    ###....


Dungeon Overview and Level Annotations

Branches:
Dungeon (4/15)
 Temple: D:4-7

Altars:
Dithmenos

Annotations:
D:4 Dowan, Duvessa


Innate Abilities, Weirdness & Mutations

You have razor-sharp teeth.
You have supernaturally acute eyesight. (SInv)
You can survive without breathing.


Message History

Casting: Confuse
Confirm with . or Enter, or press ? or * to list all spells.
Aiming: Confuse
Press: ? - help, Shift-Dir - straight line, f - Duvessa
Aim: Duvessa, wielding a short sword and wearing a leather armour (fast, chance to defeat MR: 34%) Duvessa easily resists.
Duvessa hits you with a short sword. Dowan hits you with a dagger.
Duvessa closely misses you. Duvessa hits you with a short sword!
Dowan gestures wildly while chanting.
Dowan blinks!
Duvessa says, "My weaknesses are his strengths!"
Duvessa closely misses you. Duvessa hits you with a short sword!
* * * LOW HITPOINT WARNING * * *
Duvessa barely misses you. Duvessa hits you with a short sword.
* * * LOW HITPOINT WARNING * * *
Duvessa completely misses you. Duvessa hits you with a short sword.
You die...

#.# #.# #.# #.######### ######
####.##......# #####....#
#..#.##......###.........
#>................##.##..
#......e@......#...#.....
########..#.#########.#...#.#...
#.#.......#.# #..%....#..<....
#.#.#.....#.# #.###.#.........
#.# +<....#.# #.....#.......#.
##.# #.....#.# #######.#.....#.
.e.###....##.###### ##########
.....e.....e........
......†...##########


You could see Duvessa.

Vanquished Creatures
  A phantom (D:4)
  An iguana (D:4)
  A worker ant (D:4)
  An adder (D:2)
  2 worms
  4 dart slugs
  A leopard gecko (D:1)
  2 giant cockroaches
  5 goblins (D:2)
  7 hobgoblins
  5 jackals (D:2)
  8 kobolds
  2 quokkas
  A ball python (D:1)
  8 bats
  3 frilled lizards
  5 rats
57 creatures vanquished.

Notes
Turn   | Place    | Note
-------+----------+-------------------------------------------
     0 | D:1      | Jynx the Vampire Enchanter began the quest for the Orb.
     0 | D:1      | Reached XP level 1. HP: 13/13 MP: 3/3
   188 | D:1      | Reached XP level 2. HP: 9/19 MP: 5/5
   809 | D:2      | Learned a level 2 spell: Ensorcelled Hibernation
   863 | D:2      | Reached skill level 5 in Stealth
   863 | D:2      | Reached XP level 3. HP: 24/24 MP: 6/6
   976 | D:2      | Reached skill level 5 in Hexes
  1444 | D:2      | Found a faded altar of an unknown god.
  1472 | D:2      | Reached XP level 4. HP: 29/30 MP: 7/7
  1939 | D:3      | Found a shadowy altar of Dithmenos.
  2156 | D:4      | Noticed a phantom
  2190 | D:3      | Learned a level 3 spell: Confuse
  2296 | D:4      | Killed a phantom
  2296 | D:4      | Reached skill level 6 in Stealth
  2296 | D:4      | Reached XP level 5. HP: 30/35 MP: 1/8
  2372 | D:4      | Noticed Duvessa
  2375 | D:4      | Noticed Dowan
  2504 | D:4      | HP: 1/35 [Duvessa/short sword (3)]
  2508 | D:4      | Slain by Duvessa

Skill      XL: |  1  2  3  4 |
---------------+-------------+-----
Short Blades   | 2 3 4 |  4.4
Stealth        | 5 6 |  6.2
Hexes          | 5 |  5.8
Dodging        | |  2.1
Spellcasting   | |  2.0

Action                   |  1- 3 |  4- 6 || total
-------------------------+-------+-------++-------
Melee: Dagger            |   150 |    45 ||   195
       Bite              |     9 |     1 ||    10
 Cast: Corona            |     2 |     1 ||     3
       Confuse           |       |     5 ||     5
  Use: Scroll            |     3 |     3 ||     6
       Potion            |       |     1 ||     1
 Stab: Sleeping          |    11 |     5 ||    16
       Distracted        |     1 |       ||     1
       Confused          |       |     2 ||     2
  Eat: Corpse            |     4 |     2 ||     6
Armor: Robe              |    36 |     7 ||    43
Dodge: Dodged            |    95 |    34 ||   129
